Cogmind - Beta 16 @@@ ROGUE MODE // 2025.12.08 @ 20:41:25 Player: tthaar Result: Destroyed by H-55 Commando with Assault Rifle Performance ------------- Evolutions (2) 1000 Regions Visited (3) 600 Robots Destroyed (46) 230 Value Destroyed (1523) 1523 Prototype IDs (2) 40 Alien Tech Used (0) 0 Bonus (0) 0 TOTAL SCORE: 3393 Bonus ------- None Cogmind --------- Core Integrity 0/550 Matter 247/300 Energy 100/100 System Corruption 11% Temperature Cool (0) Movement Core (50) Location -8/Materials Parts ------- > --- POWER (1) -------- (None) > --- PROPULSION (2) --- (None) > --- UTILITY (6) ------ Core Analyzer Hacking Suite > --- WEAPON (2) ------- (None) > --- INVENTORY (5) ---- Cooling System Medium Battery (150) Improved Signal Interpreter Core Analyzer Propulsion Shielding Peak State ------------ > --- POWER ------------ Subdweller Power Source > --- PROPULSION ------- Spiked Treads Spiked Treads > --- UTILITY ---------- Large Storage Unit Seismic Detector Core Analyzer Matter Filter Makeshift Light Armor Plating Hacking Suite > --- WEAPON ----------- Light Cannon Subdweller Shrapnel Launcher > --- INVENTORY -------- Cooling System Cooling System Medium Battery Core Analyzer Matter Filter Propulsion Shielding EM Pulse Gun Medium Laser Light Cannon Light Cannon Grenade Launcher Enhanced Flamer Mining Claw [Rating: 28] Favorites ----------- Power Ion Engine Engine Ion Engine Propulsion Light Treads Treads Light Treads Leg Aluminum Leg Wheel Subdweller Monowheel Utility Seismic Detector Device Seismic Detector Storage Large Storage Unit Processor Core Analyzer Hackware Hacking Suite Protection Makeshift Light Armor Plating Weapon Grenade Launcher Energy Gun Medium Laser Ballistic Gun Heavy Assault Rifle Ballistic Cannon Light Cannon Launcher Grenade Launcher Special Weapon Enhanced Flamer Impact Weapon Hammer Slashing Weapon Mining Claw Build | -11 -10 -10 -8 ------- Run | Yrd Mat Sub Mat Slots Evolved 4 | . . . 4 Power . | . . . . Propulsion . | . . . . Utility 4 | . . . 4 Weapon . | . . . . Parts Attached 34 | 8 7 9 10 Power 5 | 1 . 3 1 Engine 5 | 1 . 3 1 Core . | . . . . Reactor . | . . . . Propulsion 7 | 2 2 3 . Treads 4 | . 2 2 . Leg 2 | 2 . . . Wheel 1 | . . 1 . Hover . | . . . . Flight . | . . . . Utility 8 | 2 1 . 5 Device 2 | 1 . . 1 Storage 2 | 1 1 . . Processor 1 | . . . 1 Hackware 1 | . . . 1 Protection 2 | . . . 2 Artifact . | . . . . Weapon 14 | 3 4 3 4 Energy Gun 2 | 2 . . . Energy Cannon . | . . . . Ballistic Gun 2 | 1 1 . . Ballistic Cannon 4 | . 1 2 1 Launcher 3 | . 1 1 1 Special Weapon 1 | . . . 1 Impact Weapon 1 | . 1 . . Slashing Weapon 1 | . . . 1 Piercing Weapon . | . . . . Special Melee Weapon . | . . . . Unidentified Prototypes . | . . . . Parts Lost 21 | . . 5 16 Power 1 | . . . 1 Propulsion 4 | . . 3 1 Utility 5 | . . . 5 Weapon 11 | . . 2 9 Highest Loss Streak 7 | . . 3 7 To Critical Strikes . | . . . . Average Backups 13 | 3 10 14 13 Power . | . 1 . . Propulsion 1 | 1 2 1 . Utility 4 | . 3 4 7 Weapon 6 | . 4 7 6 Tool/Special . | . . . . Unused Backups 11 | . 2 1 8 Power 1 | . . . 1 Propulsion . | . . . . Utility 10 | . 2 1 7 Weapon . | . . . . Tool/Special . | . . . . Average Slot Usage (%) 95 | . 100 95 93 Engine 12 | . 14 14 8 Treads 14 | . 13 13 16 Leg 5 | . 14 6 . Wheel 2 | . . 3 . Device 14 | . 14 14 15 Storage 12 | . 14 14 8 Processor 2 | . . . 8 Hackware 1 | . . . 8 Protection 2 | . . . 8 Ballistic Gun 7 | . 14 9 . Ballistic Cannon 6 | . 5 5 9 Launcher 10 | . 1 13 7 Peak Build Rating 28 | 7 9 12 28 Average Rating 12 | 5 7 9 25 On Entrance 7 | . 7 9 12 Avg Prop Armor Cover (%) . | . . . . Naked Turns . | . . . . Heaviest Build 44 | 15 32 37 44 Greatest Support 40 | 20 40 40 40 Greatest Overweight (x) 11 | 2 . 3 11 Average Overweight (x) . | . . . . Largest Inventory Capacity 15 | 8 15 15 15 Average Capacity 14 | 7 11 15 14 Most Carried 15 | 5 15 15 15 Average Carried 13 | 3 10 14 13 Final Capacity 15 | 8 15 15 5 Final Carried 15 | 5 15 12 5 Class Distribution -------------------- 97% | Mutant Dominant Class ---------------- Mutant | -10/Materials Mutant | -10/Subcaves Mutant | -8/Materials Resources | -11 -10 -10 -8 ----------- Run | Yrd Mat Sub Mat Matter Collected 1384 | 264 130 698 292 Remotely . | . . . . Salvage Created 1196 | 69 129 532 466 Parts 102 | 8 15 51 28 Haulers Intercepted 1 | . . . 1 Recyclers Shooed . | . . . . Parts Field Recycled . | . . . . Retrieved Matter . | . . . . Parts Self-Destructed 15 | . . 15 . Prevented . | . . . . Parts Restored . | . . . . Kills | -11 -10 -10 -8 ------- Run | Yrd Mat Sub Mat Combat Hostiles Destroyed 37 | . 7 20 10 Melee 2 | . . . 2 Guns 5 | . 3 1 1 Cannons 8 | . 1 3 4 AOE 22 | . 3 16 3 Classes Destroyed 12 | 2 2 3 5 Worker 2 | . . . 2 Tunneler 1 | 1 . . . Hauler 1 | . . . 1 Recycler 2 | 1 . . 1 Operator 1 | . . . 1 Turret 2 | . . 2 . Swarmer 6 | . 4 2 . Grunt 7 | . 3 . 4 Sentry 4 | . . 1 3 Hunter 2 | . . . 2 Heavy 1 | . . . 1 Subdweller 17 | . . 17 . Best Kill Streak 4 | 2 3 4 4 Combat Bots Only 4 | . 3 4 3 Max Kills in Single Turn 3 | 1 3 2 3 Gunslinging . | . . . . Exploded 3 | . 3 2 1 Melee 1 | . . . 1 Uniques/NPCs Destroyed . | . . . . Combat | -11 -10 -10 -8 -------- Run | Yrd Mat Sub Mat Hostile Shots Fired 250 | . 30 62 158 Missed 72 | . 6 28 38 Hits 178 | . 24 34 120 Projectile 178 | . 24 34 120 Critical Strikes 3 | . . . 3 Damage Taken 3609 | . 269 760 2580 Core 681 | . 43 75 563 Absorbed by Shields . | . . . . Core Remaining (%) 76 | 100 . 52 . Volleys Fired 116 | 4 18 47 47 Largest 2 | 2 2 2 2 Hottest 110 | 70 70 70 110 Shots Fired 202 | 8 36 81 77 Gun 84 | 8 27 34 15 Cannon 62 | . 8 15 39 Launcher 46 | . 1 32 13 Special 10 | . . . 10 Kinetic 124 | 4 26 53 41 Thermal 25 | 4 9 . 12 Explosive 40 | . 1 28 11 Electromagnetic 13 | . . . 13 Robot Hit Streak 9 | 3 9 8 8 Robot Miss Streak 3 | 3 2 2 2 Penetration Max . | . . . . Secondary Targets . | . . . . Shots Hit Robots 122 | 4 24 44 50 Core Hits 86 | 3 14 35 34 Critical Kills . | . . . . Critical Parts Destroyed . | . . . . Critical Strikes 5 | . 3 2 . Burn 2 | . 2 . . Blast 3 | . 1 2 . Melee Attacks 11 | . 1 . 10 Impact 1 | . 1 . . Slashing 10 | . . . 10 Piercing . | . . . . Sneak Attacks . | . . . . Combat Hostiles . | . . . . Follow-up Attacks . | . . . . Damage Inflicted 3632 | 50 503 1666 1413 Guns 633 | 50 234 240 109 Cannons 644 | . 95 193 356 Explosions 2073 | . 173 1233 667 Melee 141 | . . . 141 Ramming 40 | . 1 . 39 Kinetic 1430 | 24 267 604 535 Thermal 189 | 26 62 . 101 Explosive 1723 | . 173 1062 488 Electromagnetic 109 | . . . 109 Impact . | . . . . Slashing 141 | . . . 141 Piercing . | . . . . Highest Corruption 11 | . . . 11 Average Corruption 11 | . . . 11 Corruption Purged . | . . . . Corruption Blocked . | . . . . Effects 5 | . . . 5 Matter Fused 3 | . . . 3 Energy Discharges 1 | . . . 1 Parts Rejected 1 | . . . 1 Overload Shots . | . . . . Overflow Damage 32 | . . 12 20 Projectiles . | . . . . Explosions 32 | . . 12 20 Melee . | . . . . Knockbacks 7 | . 1 4 2 Impact . | . . . . Kinetic 7 | . 1 4 2 Secondary . | . . . . Self-Inflicted Damage 95 | . . 75 20 Shots 4 | . . 3 1 Rammed 4 | . . . 4 Targets Rammed 5 | . 1 . 4 Kicked 1 | . 1 . . Crushed . | . . . . Highest Temperature 185 | 18 111 . 185 Average Temperature 37 | 10 37 . 40 Received Heat Transfer 867 | . 141 141 585 Siege Activations . | . . . . Martial Activations . | . . . . Shielding Activations . | . . . . Robots Disrupted 2 | . . . 2 Combat Hostiles 2 | . . . 2 Robots Corrupted . | . . . . Combat Hostiles . | . . . . Parts Fried . | . . . . Impact Corruptions . | . . . . Robots Melted . | . . . . Combat Hostiles . | . . . . Parts Melted 2 | . 1 . 1 Heat Transferred 1127 | 74 333 . 720 Parts Sabotaged . | . . . . Parts Stolen . | . . . . Parts Stripped . | . . . . Power Chain Reactions . | . . . . Alert | -11 -10 -10 -8 ------- Run | Yrd Mat Sub Mat Maximum Alert Level . | . . . . Low Security (%) 100 | 100 100 . 100 Level 1 . | . . . . Level 2 . | . . . . Level 3 . | . . . . Level 4 . | . . . . Level 5 . | . . . . High Security . | . . . . Max Security . | . . . . Peak Influence 133 | 5 133 . 94 Initial . | . . . . Average 25 | . 51 . 14 Influence Increases 957 | 10 223 250 474 Destroy 0b10 Robot/C 440 | . 140 100 200 Destroy 0b10 Robot/NC 35 | 10 . . 25 Destroy Leader 112 | . 40 . 72 Successful Hack 22 | . 5 . 17 Disable Machine 45 | . . . 45 Destroy Structure 93 | . 8 . 85 Lose Combat Pursuer 210 | . 30 150 30 Influence Decreases 901 | 10 170 303 418 Entered New Map 26 | . . 26 . Time Decay 698 | 10 170 277 241 Lost Part 134 | . . . 134 Purge Threat 43 | . . . 43 Squads Dispatched 3 | . 1 . 2 Investigation . | . . . . Extermination . | . . . . Reinforcement 3 | . 1 . 2 Assault . | . . . . Garrison . | . . . . Intercept . | . . . . Searches Triggered . | . . . . Construction Impeded . | . . . . Haulers Reinforced . | . . . . Active Scanning Responses . | . . . . Cargo Convoy Interrupts . | . . . . Stealth | -11 -10 -10 -8 --------- Run | Yrd Mat Sub Mat Distress Signals 3 | . 1 . 2 Communications Jammed . | . . . . Distress Signals . | . . . . Times Spotted 57 | . 15 24 18 Peak Tracking Total 7 | . 7 4 5 Tactical Retreats 4 | . 1 2 1 Traps | -11 -10 -10 -8 ------- Run | Yrd Mat Sub Mat Traps Triggered 3 | . . 3 . Indirectly . | . . . . Trap Hack Attempts . | . . . . Triggered . | . . . . Disarmed . | . . . . Reprogrammed . | . . . . Reused . | . . . . Traps Extracted . | . . . . Installed . | . . . . Triggered . | . . . . Machines | -11 -10 -10 -8 ---------- Run | Yrd Mat Sub Mat Machines Disabled 5 | . . 2 3 Max in Single Turn 1 | . . 1 1 Machines Repaired . | . . . . Machines Dismantled . | . . . . Machines Sabotaged . | . . . . Overloaded Fab Kills . | . . . . Hacking | -11 -10 -10 -8 --------- Run | Yrd Mat Sub Mat Machines Accessed 12 | . 6 1 5 Terminals 11 | . 6 . 5 Fabricators . | . . . . Repair Stations . | . . . . Recycling Units . | . . . . Scanalyzers . | . . . . Garrison Access . | . . . . Total Hacks 31 | . 13 3 15 Successful 15 | . 6 3 6 Failed 16 | . 7 . 9 Catastrophic 2 | . 2 . . Database Lockouts . | . . . . Manual 15 | . 9 . 6 Terminals 28 | . 13 . 15 Fabricators . | . . . . Repair Stations . | . . . . Recycling Units . | . . . . Scanalyzers . | . . . . Garrison Access . | . . . . Terminal Hacks 15 | . 6 3 6 Record 3 | . . 3 . Robot Analysis 2 | . 2 . . Prototype ID Bank 1 | . 1 . . Level Access Points 1 | . . . 1 Terminal Index 2 | . 1 . 1 Alert Level 1 | . . . 1 Unreport Threat 1 | . . . 1 Locate Traps 2 | . 1 . 1 Hauler Manifests 1 | . 1 . . Registered Components 1 | . . . 1 Fabricator Hacks . | . . . . Repair Station Hacks . | . . . . Recycling Unit Hacks . | . . . . Scanalyzer . | . . . . Garrison Access Hacks . | . . . . Unauthorized Hacks . | . . . . Terminals . | . . . . Fabricators . | . . . . Repair Stations . | . . . . Recycling Units . | . . . . Scanalyzers . | . . . . Garrison Access . | . . . . Data Cores Recovered . | . . . . Used . | . . . . Hacking Detections 10 | . 6 . 4 Full Trace Events 1 | . . . 1 Feedback Events . | . . . . Feedback Blocked . | . . . . Robot Schematics Acquired . | . . . . Robots Built . | . . . . Authchips . | . . . . Time . | . . . . Total Robot Build Rating . | . . . . Part Schematics Acquired . | . . . . Parts Built . | . . . . Authchips . | . . . . Time . | . . . . Total Part Build Rating . | . . . . Part Studies Acquired . | . . . . Parts Repaired . | . . . . Time . | . . . . Parts Recycled . | . . . . Recycled Matter . | . . . . Retrieved Matter . | . . . . Retrieved Components . | . . . . Parts Scanalyzed . | . . . . Part Schematics Acquired . | . . . . Parts Damaged . | . . . . Bothacking | -11 -10 -10 -8 ------------ Run | Yrd Mat Sub Mat Used RIF Installer . | . . . . Robots Hacked . | . . . . Non-combat . | . . . . Combat . | . . . . Robot Hacks Applied . | . . . . Relay Couplers Released . | . . . . Fabnet Peak Effective % . | . . . . Robots Rewired . | . . . . Allies Hacked . | . . . . Hacks Repelled . | . . . . Allies | -11 -10 -10 -8 -------- Run | Yrd Mat Sub Mat Total Allies . | . . . . Largest Group . | . . . . Highest-Rated Group . | . . . . Highest-Rated Ally . | . . . . Total Orders . | . . . . Ally Attacks . | . . . . Total Damage . | . . . . Kills . | . . . . Allies Corrupted . | . . . . Allies Melted . | . . . . Intel | -11 -10 -10 -8 ------- Run | Yrd Mat Sub Mat Active Infowar (turns) 5181 | 36 651 3616 878 Seismic 5181 | 36 651 3616 878 Robot Analysis Total 2 | . 2 . . Derelict Logs Recovered 1 | . . 1 . Drone Launches . | . . . . Drone Recoveries . | . . . . Exploration | -11 -10 -10 -8 ------------- Run | Yrd Mat Sub Mat Turns Passed 5635 | 120 651 3616 1248 Spaces Moved 3246 | 72 409 2242 523 Core 12 | 9 . . 3 Treads 1729 | . 161 1048 520 Legs 727 | 63 248 416 . Wheels 778 | . . 778 . Hover . | . . . . Flight . | . . . . Fastest Speed 50 | 50 120 120 160 Average Speed 153 | 118 135 153 173 Slowest Speed 600 | 150 160 330 600 Overloaded Moves . | . . . . Propulsion Burnouts . | . . . . Robots Hopped . | . . . . Potential Cave-ins . | . . . . Cave-ins Triggered 1 | . . . 1 Exploration Rate (%) 48 | 4 70 96 22 Regions Visited 3 Branch Regions 1 Pre-discovered Areas 1 | . . 1 . Known Exits Taken . | . . . . Unknown Exits Taken 3 | 1 1 1 . Scrap Searched 16 | . . 16 . Spaces Dug 7 | . 1 6 . Terrain Destroyed 266 | . 6 169 91 Melee 1 | . 1 . . Projectile . | . . . . AOE 265 | . 5 169 91 Terrain Rammed . | . . . . Walls Destroyed . | . . . . Machines Disabled . | . . . . Actions | -11 -10 -10 -8 --------- Run | Yrd Mat Sub Mat Total 3646 | 94 465 2335 752 Wait 179 | 6 10 17 146 Move 3243 | 71 408 2241 523 Hop . | . . . . Pick Up 33 | 5 14 9 5 Fast Attach 12 | 7 1 . 4 Attach 15 | . . 6 9 Detach . | . . . . Swap 18 | 1 7 8 2 Drop 14 | . 5 7 2 Fire 116 | 4 18 47 47 Melee 11 | . 1 . 10 Ram . | . . . . Kick 1 | . 1 . . Crush 4 | . . . 4 Escape Stasis . | . . . . Rewire . | . . . . Trap . | . . . . Miscellaneous . | . . . . Route ------- -11/Scrapyard -10/Materials (discovered 4 exits: [*Mat x2] / [*Min] / *Sub) -10/Subcaves (discovered 3 exits: *Mat x2 / [*Rec]) -8/Materials (discovered 3 exits: Fac x3) History --------- Turn | Location | Event 13 | -11/Scrapyard | Discovered new exit (range 15) 121 | -11/Scrapyard | Entered Materials 329 | -10/Materials | Build established: Mutant 341 | -10/Materials | Discovered new exit (range 4) 517 | -10/Materials | Discovered new exit (range 10) 714 | -10/Materials | Discovered new exit (range 15) 749 | -10/Materials | Discovered new exit (range 5) 772 | -10/Materials | Entered Subcaves 796 | -10/Subcaves | Discovered new exit (range 5) 799 | -10/Subcaves | Learned location of Zion (-7) 799 | -10/Subcaves | Met a Zionite searching for "candidates" 841 | -10/Subcaves | Discovered new exit (range 11) 1341 | -10/Subcaves | A swath of the cavern ceiling suddenly collapsed 1925 | -10/Subcaves | Discovered new exit (range 11) 2250 | -10/Subcaves | Visited Clippyterm 2292 | -10/Subcaves | Learned Factory trap positions 2884 | -10/Subcaves | Curiously followed by a Cobbler waking with a query about "LVR3C" 3162 | -10/Subcaves | A Subdweller sparked back to life 3215 | -10/Subcaves | Lost 3 parts (1n2w) 3424 | -10/Subcaves | Shifting Twisted Machinery released Barrage Gun 3434 | -10/Subcaves | Shifting Twisted Machinery released Sub. Power Source 3871 | -10/Subcaves | Curiously followed by a Cobbler waking with a query about "LVR3C" 3988 | -10/Subcaves | Learned 2 Materials zone layouts 4388 | -10/Subcaves | Entered Materials 4388 | -8/Materials | Evolved 4 slots: Utility x4 4525 | -8/Materials | Identified exit to Factory 5504 | -8/Materials | Lost 3 parts (1u2w) 5513 | -8/Materials | Crushed by falling debris 5513 | -8/Materials | System corruption reached 10% 5564 | -8/Materials | Lost 7 parts (1p1n1u4w) 5573 | -8/Materials | Core integrity fell below 50% 5628 | -8/Materials | Core integrity fell below 20% 5636 | -8/Materials | Destroyed by H-55 Commando with Assault Rifle Last Messages --------------- 05572_ Penetrated by Slug. 05579_ H-55 Commando shuts down. 05583_ H-55 Commando destroyed. 05584_ W-25 Informer sends out distress signal. 05587_ Enh. Flamer destroyed. 05590_ System corrupted: Matter fused (-6). 05590_ Lgt. Cannon destroyed. 05593_ Mak. Light Armor Plating destroyed. 05597_ G-47 Trooper IFF system glitched. 05602_ G-47 Trooper destroyed. 05603_ Acquired 25 matter. 05605_ Y-45 Defender destroyed. 05608_ Penetrated by Slug. 05621_ System corrupted: Energy discharge (-33). 05621_ Penetrated by Slug. 05621_ Hrd. Medium Armor Plating destroyed. 05624_ Penetrated by Slug. 05627_ Lrg. Storage Unit destroyed. 05630_ Penetrated by Slug. 05636_ Mining Claw destroyed. Map ----- +----------------------------------------------------+ | ?????????????????????????????????????????????????? | | ?????????????????????????????????????????????????? | | ?????????????????????????????????????????????????? | | ?????????????????????????????????????????????????? | | ?????????????????????????????????????????????????? | | ?????????????????????????????????????????????????? | | ?????????????????????????????????????????????????? | | ?????????????????????????????????????????????????? | | ??????????????# #### ?????????????????????????? | | ????########### + ?????????????????????????? | | ????# # # ?????????????????????????? | | ????# # ######????????????????????????? | | ????# # ??????????????#?????????? | | ????# """ + ????????????? #?????????? | | ????# """"" # ????????????? #???#?????? | | ????# """"" # #### #?????????#?? #?? ]!????? | | ????# """"" # #??# #???##??? ##? #? ! ????? | | ????# """ + #??# #?? [???? # # ???? | | ????#############+#### #?! ???!? + " ???? | | ??????########## ## ## ?????? " " ! ????? | | ??????# # ## %!+???????! " " ??????? | | ??????# "" # ## !%#??#####""" "##???????? | | ??????# """ # ##% %#### # "#####???? | | ??????# S" # ##%%%####### !% ?? | | ??????# """ # ;# [%g=*h!=!| % ?? | | ??????# """ # #;%%%@%####! ?? | | ??????# # ## =%!=## "##+#????? | | ??????# # ## #######"#######???????? | | ??????# ####### =#??????##?????#???????? | | ??????#####+########## #??????????? #???????? | | ????###### ########## = #???????? | | ???##"T"## + #???????? | | ???# ########## ########## #???????? | | ???# #????????# # ! #????[? #???????? | | ???# """ ########## # #????????#???????? | | ???# """ # #^^^^# #????????????????? | | ???# """ !# """ "" # # #????????????????? | | ???# ! """ # """ "" + + #????????????????? | | ???# """ # """ T" ###### ""#????????????????? | | ???# # "" #????# T"#????????????????? | | ???# # """ "" #????# ""#????????????????? | | ##?# + """ #????# #????????????????? | | ######### # """ #????######????????????????? | | # [ #??????????????????????????? | | ! == =!#########??????????????????????????? | | %[ * #?????????????????????????????????? | | !! #*[ ##?????????????????????????????????? | | ! ==== = #?????????????????????????????????? | | ! #?????????????????????????????????? | | ##?????????????????????????????????? | +----------------------------------------------------+ Best States ------------- Heat Dissipation 31 Energy Generation 15 Energy Capacity 250 Matter Stores 300 Matter Capacity 300 Sight Range 16 Terrain Scan Density 10 Armor Coverage 325 Evasion (%) 55 Core Analysis 6 Recoil Reduction 2 Matter Filtering 30 Offensive Hacking 10 Item Schematics ----------------- None Robot Schematics ------------------ None Fabricated ------------ Nothing Repaired ---------- Nothing Studied --------- None Alien Tech Used ----------------- None Achievements -------------- None Challenges ------------ None Game ------ Seed ThrusterCarbideArchive Manual? 0 Play Time 01:02:52 Cumulative 38.0 hours Start 2025.11.30 @ 20:43:12 End 2025.12.08 @ 20:41:25 Sessions 9 Manual Loads 0 Difficulty Rogue Special Mode None Game No. 36 Rogue 36 Adventurer 0 Explorer 0 Win Type - Total 1 Types 1/0/0/0/0/0/0/0/0/0 Lore% 19 Gallery% 23 Achievement% 21 Wizard Run 0 Options --------- Layout 1 ASCII 0 Keyboard 1 Movement Numpad Keybinds 0 Fullscreen 2 Font 24/Smallcaps Map View 50x35 Zoom Use 0% Tactical HUD 1 Map Filters NONE Filters NONE Steam 1 RUN: 86af2463-1c13-4a43-b2b1-923924976994